 Dungeon Crawl Stone Soup version 0.29.1-2-gbd0b4ee654 (webtiles) character file.

Game seed: 9562658151747287539

74353 DocClef the Peltast (level 15, 0/121 HPs)
             Began as a Gnoll Fighter on Nov 1, 2022.
             Was the Champion of Okawaru.
             Shot with an arrow by a deep elf archer (17 damage)
             ... on level 1 of the Elven Halls.
             The game lasted 00:45:32 (24113 turns).

DocClef the Peltast (Gnoll Fighter)                Turns: 24113, Time: 00:45:33

Health: 0/121      AC: 33    Str: 36    XL:     15   Next: 46%
Magic:  0/32       EV: 14    Int:  7    God:    Okawaru [******]
Gold:   2163       SH:  0    Dex: 12    Spells: 35/35 levels left

rFire   + . .      SeeInvis +   b - +9 broad axe of Division {vorpal, Int+3}
rCold   + . .      Faith    .   Q - +8 tower shield of Eternal Vigilance {rC+ Str+8 Int-4 SInv}
rNeg    . . .      Spirit   +   y - +7 plate armour of Dafymy {rElec rF+ Dex+4}
rPois   +          Reflect  .   L - +3 hat of Forking Paths {+Blink Regen+ rCorr Dex-2}
rElec   +          Harm     .   u - +0 cloak
rCorr   +          Rampage  .   T - +1 pair of gloves of the Planets {rPois Regen+ Stlth+}
Will    +....                   K - +0 pair of boots
Stlth   ..........              O - amulet of guardian spirit
HPRegen 1.90/turn               B - +6 ring of strength
MPRegen 0.23/turn               n - +4 ring of protection

@: confused, heroic, finesse-ful, slowed, studying 2 skills, very slow
A: fangs 1, strong nose, distributed training, clumsy 1, deformed body, high MP
1, mutation resistance 1
a: Renounce Religion, Evoke Blink, Heroism, Finesse, Duel


You were on level 1 of the Elven Halls.
You worshipped Okawaru.
Okawaru was exalted by your worship.
You visited 4 branches of the dungeon, and saw 21 of its levels.
You also visited: Ossuary and Bailey.

You collected 2163 gold pieces.

Inventory:

Hand Weapons
 a - a +1 spectral war axe
 b - the +9 broad axe of Division (weapon) {vorpal, Int+3}
   (You found it on level 3 of the Lair of Beasts)

   It inflicts extra damage upon your enemies.
   Int:       It affects your intelligence (+3).
 x - a +2 flail of protection
Missiles
 p - 11 curare-tipped darts (quivered)
 A - 7 atropa-tipped darts
 I - 3 throwing nets
Armour
 u - a +0 cloak (worn)
 y - the +7 plate armour of Dafymy (worn) {rElec rF+ Dex+4}
   (Okawaru gifted it to you on level 4 of the Lair of Beasts)

   Dex:       It affects your dexterity (+4).
   rF:        It protects you from fire.
   rElec:     It insulates you from electricity.
 K - a +0 pair of boots (worn)
 L - the +3 hat of Forking Paths (worn) {+Blink Regen+ rCorr Dex-2}
   (Okawaru gifted it to you on level 10 of the Dungeon)

   Dex:       It affects your dexterity (-2).
   +Blink:    It lets you blink.
   Regen:     It increases your rate of health regeneration.
   rCorr:     It protects you from acid and corrosion.
 Q - the +8 tower shield of Eternal Vigilance (worn) {rC+ Str+8 Int-4 SInv}
   (Okawaru gifted it to you on level 1 of the Lair of Beasts)

   Str:       It affects your strength (+8).
   Int:       It affects your intelligence (-4).
   rC:        It protects you from cold.
   SInv:      It lets you see invisible.
 T - the +1 pair of gloves of the Planets (worn) {rPois Regen+ Stlth+}
   (Okawaru gifted it to you on level 1 of the Orcish Mines)

   rPois:     It protects you from poison.
   Regen:     It increases your rate of health regeneration.
   Stlth:     It makes you more stealthy.
Jewellery
 n - a +4 ring of protection (right hand)
 q - a +6 ring of dexterity
 B - a +6 ring of strength (left hand)
 C - a ring of protection from cold
 F - a ring of willpower
 M - an amulet of reflection
 O - an amulet of guardian spirit (around neck)
 U - a ring of fire
 X - a ring of flight
 Y - a ring of protection from fire
Wands
 m - a wand of digging (8)
 s - a wand of paralysis (21)
 w - a wand of light (3)
 H - a wand of flame (35)
 N - a wand of roots (12)
 R - a wand of polymorph (4)
 Z - a wand of mindburst (4)
Scrolls
 c - a scroll of enchant weapon
 e - 5 scrolls of enchant armour
 f - 7 scrolls of identify
 k - a scroll of brand weapon
 l - 3 scrolls of vulnerability
 o - a scroll of poison
 t - 7 scrolls of teleportation
 v - a scroll of fear
 G - 3 scrolls of torment
 V - a scroll of blinking
Potions
 d - 5 potions of might
 g - 3 potions of brilliance
 h - 10 potions of heal wounds
 i - 9 potions of curing
 r - 2 potions of flight
 z - 2 potions of berserk rage
 E - a potion of ambrosia
 J - 2 potions of magic
 P - 3 potions of haste
 S - 2 potions of lignification


   Skills:
 + Level 12.3(17.3) Fighting
 + Level 10.5(15.5) Short Blades
 + Level 10.5(15.5) Long Blades
 + Level 11.4(16.4) Axes
 + Level 10.5(15.5) Maces & Flails
 + Level 10.5(15.5) Polearms
 + Level 10.5(15.5) Staves
 + Level 10.5(15.5) Ranged Weapons
 + Level 10.5(15.5) Throwing
 + Level 13.1(18.1) Armour
 + Level 10.5(15.5) Dodging
 + Level 10.5(15.5) Stealth
 + Level 15.4(20.4) Shields
 + Level 10.5(15.5) Unarmed Combat
 + Level 10.5 Spellcasting
 + Level 8.8 Conjurations
 + Level 8.8 Hexes
 + Level 8.8 Summonings
 + Level 8.8 Necromancy
 + Level 8.8 Translocations
 + Level 8.8 Transmutations
 + Level 8.8 Fire Magic
 + Level 8.8 Ice Magic
 + Level 8.8 Air Magic
 + Level 8.8 Earth Magic
 + Level 8.8 Poison Magic
 + Level 11.4 Invocations
 + Level 10.5 Evocations


You had 35 spell levels left.
You didn't know any spells.
Your spell library contained the following spells:

 Spells                   Type           Power      Damage    Failure   Level
 Apportation              Tloc           32%        N/A       3%          1
 Foxfire                  Conj/Fire      64%        2x1d7     3%          1
 Sandblast                Erth           32%        2d9       3%          1
 Shock                    Conj/Air       64%        1d7       3%          1
 Passwall                 Tmut/Erth      13%        N/A       4%          2
 Static Discharge         Conj/Air       16%        3-5/arc   4%          2
 Conjure Flame            Conj/Fire      16%        6-21      10%         3
 Gell's Gravitas          Tloc           16%        N/A       10%         3
 Inner Flame              Hex/Fire       16%        N/A       10%         3
 Stone Arrow              Conj/Erth      32%        3d9       10%         3
 Swiftness                Air            16%        N/A       10%         3
 Teleport Other           Tloc           16%        N/A       10%         3
 Airstrike                Air            8%         2d(2-18)  30%         4
 Cause Fear               Hex            8%         N/A       30%         4
 Dispel Undead            Necr           16%        3d10      30%         4
 Flame Wave               Conj/Fire      16%        2d7       30%         4
 Passage of Golubria      Tloc           16%        N/A       30%         4
 Sticky Flame             Conj/Fire      16%        2d4       30%         4
 Alistair's Intoxication  Tmut/Pois      10%        N/A       65%         5
 Borgnjor's Vile Clutch   Necr/Erth      8%         N/A       65%         5
 Silence                  Hex/Air        8%         N/A       65%         5
 Dispersal                Tloc           8%         N/A       99%         6
 Eringya's Noxious Bog    Tmut/Pois      8%         N/A       99%         6
 Dragon Form              Tmut           8%         N/A       100%        7
 Lehudib's Crystal Spear  Conj/Erth      8%         10d3      100%        8
 Summon Ice Beast         Ice/Summ       Unusable   N/A       N/A         4
 Summon Mana Viper        Hex/Summ       Unusable   N/A       N/A         5
 Monstrous Menagerie      Summ           Unusable   N/A       N/A         7
 Dragon's Call            Summ           Unusable   N/A       N/A         9

Dungeon Overview and Level Annotations

Branches:
Dungeon (13/15)            Temple (0/1) D:6            Lair (5/5) D:8
  Swamp (0/4) Lair:3        Snake (0/4) Lair:3        Slime (0/5) Lair:5
    Orc (2/2) D:9             Elf (1/3) Orc:2       Ossuary (visited)
 Bailey (visited)
 Vaults: D:13-14

Altars:
Cheibriados
Elyvilon
Fedhas
Gozag
Nemelex Xobeh
Okawaru
Ru
Sif Muna
Uskayaw
Vehumet
Yredelemnul
Zin
Jiyva
Lugonu

Shops:
Orc:1 *:*   Orc:2 (=((

Portals:
Abyss: Lair:5

Annotations:
D:4 1 runed translucent door, Crazy Yiuf
Elf:1 1 runed translucent door


Innate Abilities, Weirdness & Mutations

You have very sharp teeth.
Your uncanny sense of smell can sniff out nearby items.
Your experience applies equally to all skills.
You are clumsy. (Dex -2)
Armour fits poorly on your strangely shaped body.
You have an increased reservoir of magic. (+10% MP)
You are somewhat resistant to further mutation.


Message History

Okawaru accepts your kill.
The deep elf archer shoots an arrow.
You block the arrow.
The deep elf archer points at you and mumbles some strange words.
The orc wizard struggles to resist.
Throw: 11 darts (curare)
Press: ? - help, Q - select action, (/) - cycle Shift-Dir - straight line, f - deep elf archer
Aim: a deep elf archer, wielding a +0 longbow and wearing a +0 leather armour (severely wounded, repelling missiles, 22% to hit)
Okay, then.
As you read the scroll of fog, it crumbles to dust.
The scroll dissolves into smoke.
You slice the deep elf zephyrmancer!!
You kill the deep elf zephyrmancer!
Okawaru accepts your kill.
You slash the orc!
You kill the orc!
The deep elf archer casts a spell.
The deep elf archer blinks!
You slice the orc!!
You kill the orc!
The deep elf zephyrmancer casts a spell at you.
The bolt of lightning misses you.
The deep elf zephyrmancer seems less brilliant.
The deep elf zephyrmancer casts a spell at you.
The bolt of lightning hits you. You resist.
* * * LOW HITPOINT WARNING * * *
Items here: ! ))) ? [[ †.
You slash the deep elf zephyrmancer!
The deep elf zephyrmancer is severely wounded.
The deep elf zephyrmancer hits you with a +0 long sword.
* * * LOW HITPOINT WARNING * * *
Unknown command.
You slice the deep elf zephyrmancer!!
You kill the deep elf zephyrmancer!
Okawaru accepts your kill.
The deep elf archer gestures at you while chanting.
You are confused.
Found a runed translucent gate.
The orc wizard laughs at nothing.
The deep elf archer shoots an arrow.
The arrow hits you!!
You die...

####.................#
.....<...............+
###..#..)..#.........#
#..#####...##..o§...##
#. ##....§§§§....# #
#....)o§§§§#
##...##§§#§§#''##
###...##8§§..§§..8#
#.....##8§§@.....8#
#.##...###§§#..#..## #
#....#8§§.§....8
####..#8....e...8#
....##..##..#§.#..##
#.#. #..#8........8#
.#... ...# ∆ ....8#
.###.##### ∆.# +# ..


You could see a deep elf archer (repels missiles) and an orc wizard (invisible,
confused, slow).

Vanquished Creatures
  An orc warlord (Orc:2)
  2 deep elf demonologists (Elf:1)
  Josephine (D:12)
  A deep elf high priest (Elf:1)
  Harold (Orc:1)
  7 hydras
  Erolcha (D:10)
  5 two-headed ogres
  A centaur warrior (D:13)
  2 catoblepae (Lair:3)
  An alligator (Lair:5)
  3 death yaks (Lair:1)
  Urug (Orc:2)
  4 orc high priests (Orc:2)
  4 thrashing horrors (Lair:5)
  Nergalle (Lair:1)
  3 deep elf knights (Elf:1)
  2 deep elf archers (Elf:1)
  8 oklob plants
  5 deep elf zephyrmancers
  5 orc knights
  6 orc sorcerers
  3 ugly things (Lair:5)
  2 manticores
  2 cyclopes
  3 elephants (Lair:1)
  4 black mambas
  2 smoke demons (Lair:5)
  A gargoyle (D:12)
  4 cane toads
  3 rime drakes
  A kobold demonologist (D:10)
  3 komodo dragons
  An ancient zyme (Lair:5)
  10 trolls
  2 polar bears
  30 blink frogs
  3 shadows
  A water elemental (Elf:1)
  2 vampires
  5 wraiths
  2 ynoxinuls (Lair:5)
  A spriggan (Lair:5)
  8 wyverns
  4 basilisks
  33 yaks
  2 chaos spawn (Lair:5)
  Eustachio (D:4)
  7 vampire mosquitoes
  A steam dragon (D:8)
  4 nagas (Lair:3)
  Edmund (D:6)
  2 large abominations (Lair:5)
  5 wargs (Orc:2)
  An acid dragon (D:8)
  12 water moccasins
  47 orc warriors
  An ice beast (D:7)
  4 wolves (Lair:5)
  12 ogres
  8 small abominations (Lair:5)
  9 centaurs
  A phantom (D:5)
  10 kobold brigands
  2 elf zombies (Ossuary)
  A gnoll sergeant (Orc:2)
  9 bullfrogs
  2 necrophages
  2 scorpions
  5 wights (D:7)
  27 killer bees
  4 electric eels
  A howler monkey (D:7)
  2 centaur zombies (Ossuary)
  3 hounds
  5 jellies
  28 orc priests
  A human zombie (Ossuary)
  A gnoll bouda (D:4)
  16 orc wizards
  5 iguanas
  2 mummies (Ossuary)
  3 gnolls
  9 adders
  4 shadow imps
  2 white imps (D:6)
  An ufetubus (D:6)
  3 adder zombies (Ossuary)
  3 worms (D:2)
  2 dart slugs
  132 orcs
  7 endoplasms
  A giant cockroach (D:3)
  9 goblins
  11 hobgoblins
  4 jackals (D:1)
  36 kobolds
  3 quokkas
  8 ball pythons
  7 bats
  3 frilled lizards
  3 goblin zombies (Ossuary)
  10 hobgoblin zombies (Ossuary)
  A jackal zombie (Ossuary)
  5 kobold zombies (Ossuary)
  9 orc zombies (Ossuary)
  7 rats
  A rat zombie (Ossuary)
  2 butterflies (Lair:2)
725 creatures vanquished.

Vanquished Creatures (others)
  An orc (Elf:1)
  24 fungi
  111 plants
136 creatures vanquished.

Grand Total: 861 creatures vanquished

Notes
Turn   | Place    | Note
-------+----------+-------------------------------------------
     0 | D:1      | DocClef the Gnoll Fighter began the quest for the Orb.
     0 | D:1      | Reached XP level 1. HP: 23/23 MP: 1/1
   311 | D:1      | Reached XP level 2. HP: 29/29 MP: 2/2
   688 | D:1      | Found a faded altar of an unknown god.
   797 | D:1      | Reached XP level 3. HP: 33/35 MP: 3/3
  1260 | D:2      | Reached skill level 1 in Invocations
  1534 | D:2      | Reached skill level 1 in Short Blades
  1534 | D:2      | Reached skill level 1 in Long Blades
  1534 | D:2      | Reached skill level 1 in Maces & Flails
  1534 | D:2      | Reached skill level 1 in Polearms
  1534 | D:2      | Reached skill level 1 in Staves
  1534 | D:2      | Reached skill level 1 in Ranged Weapons
  1534 | D:2      | Reached skill level 1 in Throwing
  1534 | D:2      | Reached skill level 1 in Dodging
  1534 | D:2      | Reached skill level 1 in Stealth
  1534 | D:2      | Reached skill level 1 in Unarmed Combat
  1534 | D:2      | Reached skill level 1 in Spellcasting
  1534 | D:2      | Reached skill level 1 in Evocations
  1673 | D:2      | Found an iron altar of Okawaru.
  1739 | D:2      | Became a worshipper of Warmaster Okawaru
  1803 | D:2      | Reached XP level 4. HP: 41/41 MP: 5/5
  2372 | D:3      | Reached skill level 1 in Conjurations
  2372 | D:3      | Reached skill level 1 in Hexes
  2372 | D:3      | Reached skill level 1 in Summonings
  2372 | D:3      | Reached skill level 1 in Necromancy
  2372 | D:3      | Reached skill level 1 in Translocations
  2372 | D:3      | Reached skill level 1 in Transmutations
  2372 | D:3      | Reached skill level 1 in Fire Magic
  2372 | D:3      | Reached skill level 1 in Ice Magic
  2372 | D:3      | Reached skill level 1 in Air Magic
  2372 | D:3      | Reached skill level 1 in Earth Magic
  2372 | D:3      | Reached skill level 1 in Poison Magic
  2601 | D:3      | Found a shimmering blue altar of Sif Muna.
  2615 | D:3      | Found a basalt altar of Yredelemnul.
  2635 | D:3      | Found a blossoming altar of Fedhas.
  2822 | D:3      | Found a snail-covered altar of Cheibriados.
  2879 | D:4      | Noticed Eustachio
  2893 | D:3      | Reached XP level 5. HP: 30/47 MP: 5/7
  3706 | D:4      | Reached XP level 6. HP: 37/53 MP: 8/8
  3886 | D:4      | Killed Eustachio
  3886 | D:4      | Reached * piety under Okawaru
  3887 | D:4      | Reached skill level 5 in Axes
  4243 | D:4      | Found an opulent altar of Gozag.
  4327 | D:4      | Found a glowing silver altar of Zin.
  4328 | D:4      | Noticed an angel
  4362 | D:4      | Found a sparkling altar of Nemelex Xobeh.
  4381 | D:4      | Identified the +6 short sword of the Mushroom {protect,
                  | *Rage Fly rF+++ rC+}
  4478 | D:4      | Found a runed translucent door.
  4479 | D:4      | Noticed Crazy Yiuf
  4547 | D:5      | Entered Level 5 of the Dungeon
  4664 | D:5      | Reached skill level 7 in Shields
  4664 | D:5      | Reached XP level 7. HP: 41/60 MP: 10/10
  5014 | D:5      | Reached ** piety under Okawaru
  5318 | D:5      | Reached XP level 8. HP: 9/67 MP: 9/12
  6858 | D:6      | Found a hide-covered altar of Uskayaw.
  6864 | D:6      | Noticed Edmund
  6874 | D:6      | Killed Edmund
  6874 | D:6      | Reached *** piety under Okawaru
  7448 | D:7      | Reached skill level 8 in Shields
  7615 | D:6      | Reached XP level 9. HP: 73/73 MP: 14/14
  8628 | D:6      | Identified the +0 leather armour of the Comet {rF+ Will+
                  | Dex+3 Stlth+}
  8752 | D:6      | Found a sacrificial altar of Ru.
  8794 | D:6      | Found a staircase to the Ecumenical Temple.
  8864 | D:6      | Noticed a deep elf zephyrmancer
  8883 | D:6      | Killed a deep elf zephyrmancer
  9183 | D:7      | Reached skill level 5 in Invocations
  9188 | D:7      | Reached **** piety under Okawaru
  9851 | D:8      | Found a sand-covered staircase.
  9858 | Ossuary  | Entered an ossuary
 10102 | Ossuary  | Reached skill level 9 in Shields
 10179 | D:8      | Found a white marble altar of Elyvilon.
 10204 | D:8      | Found a flagged portal.
 10214 | Bailey   | Entered a bailey
 10239 | Bailey   | Reached skill level 5 in Short Blades
 10239 | Bailey   | Reached skill level 5 in Long Blades
 10239 | Bailey   | Reached skill level 5 in Maces & Flails
 10239 | Bailey   | Reached skill level 5 in Polearms
 10239 | Bailey   | Reached skill level 5 in Staves
 10239 | Bailey   | Reached skill level 5 in Ranged Weapons
 10239 | Bailey   | Reached skill level 5 in Throwing
 10239 | Bailey   | Reached skill level 5 in Dodging
 10239 | Bailey   | Reached skill level 5 in Stealth
 10239 | Bailey   | Reached skill level 5 in Unarmed Combat
 10239 | Bailey   | Reached skill level 5 in Spellcasting
 10239 | Bailey   | Reached skill level 5 in Evocations
 10239 | Bailey   | Reached XP level 10. HP: 32/81 MP: 17/17
 10894 | Bailey   | Found a bloodstained altar of Trog.
 11085 | D:8      | Found a staircase to the Lair.
 11102 | D:8      | Reached ***** piety under Okawaru
 11110 | D:8      | Reached skill level 10 in Shields
 11905 | D:8      | Reached skill level 5 in Conjurations
 11905 | D:8      | Reached skill level 5 in Hexes
 11905 | D:8      | Reached skill level 5 in Summonings
 11905 | D:8      | Reached skill level 5 in Necromancy
 11905 | D:8      | Reached skill level 5 in Translocations
 11905 | D:8      | Reached skill level 5 in Transmutations
 11905 | D:8      | Reached skill level 5 in Fire Magic
 11905 | D:8      | Reached skill level 5 in Ice Magic
 11905 | D:8      | Reached skill level 5 in Air Magic
 11905 | D:8      | Reached skill level 5 in Earth Magic
 11905 | D:8      | Reached skill level 5 in Poison Magic
 11912 | D:8      | Reached XP level 11. HP: 62/89 MP: 20/20
 12385 | D:9      | Identified the +1 leather armour "Gotostal" {Str+2}
 13075 | D:9      | Found a staircase to the Orcish Mines.
 13782 | D:9      | Received a gift from Okawaru
 14123 | D:10     | Entered Level 10 of the Dungeon
 14124 | D:10     | Noticed a two-headed ogre
 14128 | D:10     | Killed a two-headed ogre
 14138 | D:10     | Reached skill level 11 in Shields
 14152 | D:10     | Noticed Erolcha
 14373 | D:10     | Killed Erolcha
 14373 | D:10     | Identified the +3 hat of Forking Paths {+Blink Regen+ rCorr
                  | Dex-2} (Okawaru gifted it to you on level 10 of the
                  | Dungeon)
 14373 | D:10     | Received a gift from Okawaru
 14691 | D:10     | Found a radiant altar of Vehumet.
 14945 | D:10     | Noticed a two-headed ogre
 14951 | D:10     | Killed a two-headed ogre
 15158 | D:11     | Noticed a manticore
 15189 | D:11     | Killed a manticore
 15190 | D:11     | Reached XP level 12. HP: 23/97 MP: 22/22
 15382 | D:11     | You fall into a shaft and drop 2 floors!
 15471 | D:13     | Noticed a centaur warrior
 15483 | D:13     | Killed a centaur warrior
 15628 | D:13     | Noticed a boulder beetle
 15661 | D:12     | Noticed a five-headed hydra
 15675 | D:12     | Killed a five-headed hydra
 15676 | D:12     | Reached skill level 10 in Fighting
 15676 | D:12     | Reached skill level 10 in Armour
 15776 | D:12     | Reached skill level 12 in Shields
 15903 | D:12     | Received a gift from Okawaru
 15936 | D:12     | Noticed a two-headed ogre
 15951 | D:12     | Killed a two-headed ogre
 16195 | D:12     | Noticed Josephine
 16207 | D:12     | Killed Josephine
 16469 | D:12     | Noticed a boulder beetle
 16536 | Lair:1   | Entered Level 1 of the Lair of Beasts
 16570 | Lair:1   | Identified the +8 tower shield of Eternal Vigilance {rC+
                  | Str+8 Int-4 SInv} (Okawaru gifted it to you on level 1 of
                  | the Lair of Beasts)
 16570 | Lair:1   | Received a gift from Okawaru
 16769 | Lair:1   | Noticed a death yak
 16772 | Lair:1   | Noticed a death yak
 16774 | Lair:1   | Noticed a death yak
 16782 | Lair:1   | Killed a death yak
 16789 | Lair:1   | Killed a death yak
 16796 | Lair:1   | Killed a death yak
 16797 | Lair:1   | Reached XP level 13. HP: 77/104 MP: 13/25
 17245 | Lair:1   | Reached skill level 13 in Shields
 17283 | Lair:1   | Noticed Nergalle
 17326 | Lair:1   | Killed Nergalle
 17601 | Lair:1   | Identified the +4 glaive of the Depths {drain, Str+4 Dex+7}
 17694 | Lair:2   | Received a gift from Okawaru
 18154 | Lair:2   | Received a gift from Okawaru
 18445 | Lair:2   | Reached ****** piety under Okawaru
 18834 | Lair:3   | Found a staircase to the Snake Pit.
 18838 | Lair:3   | Received a gift from Okawaru
 19091 | Lair:3   | Received a gift from Okawaru
 19092 | Lair:3   | Reached skill level 10 in Axes
 19102 | Lair:3   | Identified the +9 broad axe of Division {vorpal, Int+3}
 19214 | Lair:3   | Found a staircase to the Swamp.
 19624 | Lair:4   | Identified the +7 plate armour of Dafymy {rElec rF+ Dex+4}
                  | (Okawaru gifted it to you on level 4 of the Lair of Beasts)
 19624 | Lair:4   | Received a gift from Okawaru
 19927 | Lair:4   | Reached skill level 10 in Invocations
 19927 | Lair:4   | Reached XP level 14. HP: 97/113 MP: 22/27
 20322 | Lair:5   | Entered Level 5 of the Lair of Beasts
 20431 | Lair:5   | Reached skill level 14 in Shields
 20460 | Lair:5   | Found a staircase to the Slime Pits.
 20468 | Lair:5   | Found a viscous altar of Jiyva.
 20475 | Lair:5   | Gained mutation: You have large cloven feet. [potion of
                  | mutation]
 20475 | Lair:5   | Gained mutation: You have a pair of small horns on your
                  | head. [potion of mutation]
 20475 | Lair:5   | Gained mutation: You have sharp fingernails. [potion of
                  | mutation]
 20476 | Lair:5   | Lost mutation: You have large cloven feet. [potion of
                  | mutation]
 20476 | Lair:5   | Lost mutation: You have sharp fingernails. [potion of
                  | mutation]
 20476 | Lair:5   | Gained mutation: You are weak. (Str -2) [potion of
                  | mutation]
 20476 | Lair:5   | Gained mutation: You have large cloven feet. [potion of
                  | mutation]
 20476 | Lair:5   | Gained mutation: Your magical capacity is low. (-10% MP)
                  | [potion of mutation]
 20476 | Lair:5   | Gained mutation: Your spells are a little harder to cast,
                  | but a little more powerful. [potion of mutation]
 20477 | Lair:5   | Lost mutation: You have large cloven feet. [potion of
                  | mutation]
 20477 | Lair:5   | Lost mutation: Your spells are a little harder to cast, but
                  | a little more powerful. [potion of mutation]
 20477 | Lair:5   | Gained mutation: You are very weak. (Str -4) [potion of
                  | mutation]
 20478 | Lair:5   | Lost mutation: You are very weak. (Str -4) [potion of
                  | mutation]
 20478 | Lair:5   | Lost mutation: Your magical capacity is low. (-10% MP)
                  | [potion of mutation]
 20478 | Lair:5   | Gained mutation: You are clumsy. (Dex -2) [potion of
                  | mutation]
 20478 | Lair:5   | Lost mutation: You are weak. (Str -2) [potion of mutation]
 20478 | Lair:5   | Gained mutation: Armour fits poorly on your strangely
                  | shaped body. [potion of mutation]
 20478 | Lair:5   | Gained mutation: You possess an exceptional clarity of
                  | mind. [potion of mutation]
 20479 | Lair:5   | Lost mutation: You possess an exceptional clarity of mind.
                  | [potion of mutation]
 20479 | Lair:5   | Lost mutation: You are clumsy. (Dex -2) [potion of
                  | mutation]
 20479 | Lair:5   | Lost mutation: You have a pair of small horns on your head.
                  | [potion of mutation]
 20479 | Lair:5   | Gained mutation: You have an increased reservoir of magic.
                  | (+10% MP) [potion of mutation]
 20479 | Lair:5   | Gained mutation: You are clumsy. (Dex -2) [potion of
                  | mutation]
 20479 | Lair:5   | Gained mutation: You are somewhat resistant to further
                  | mutation. [potion of mutation]
 20718 | Lair:5   | Found a sparkling altar of Nemelex Xobeh.
 20963 | Lair:5   | Received a gift from Okawaru
 21032 | Lair:5   | Received a gift from Okawaru
 21167 | Lair:5   | Received a gift from Okawaru
 21217 | Lair:5   | Found a corrupted altar of Lugonu.
 21217 | Lair:5   | Found a one-way gate to the infinite horrors of the Abyss.
 21816 | Orc:1    | Entered Level 1 of the Orcish Mines
 21816 | Orc:1    | Found Pehik's General Store.
 21962 | Orc:1    | Noticed Harold
 21970 | Orc:1    | Killed Harold
 22007 | Orc:1    | Found Geuschog's Assorted Antiques.
 22025 | Orc:1    | Found Joecvi's Antique Armour Shoppe.
 22095 | Orc:1    | Identified the +1 pair of gloves of the Planets {rPois
                  | Regen+ Stlth+} (Okawaru gifted it to you on level 1 of the
                  | Orcish Mines)
 22095 | Orc:1    | Received a gift from Okawaru
 22113 | Orc:1    | Found Uduruh's Book Shop.
 22326 | Orc:2    | Entered Level 2 of the Orcish Mines
 22523 | Orc:2    | Found Ucras's Antique Weapon Emporium.
 22543 | Orc:2    | Reached skill level 10 in Short Blades
 22543 | Orc:2    | Reached skill level 10 in Long Blades
 22543 | Orc:2    | Reached skill level 10 in Maces & Flails
 22543 | Orc:2    | Reached skill level 10 in Polearms
 22543 | Orc:2    | Reached skill level 10 in Staves
 22543 | Orc:2    | Reached skill level 10 in Ranged Weapons
 22543 | Orc:2    | Reached skill level 10 in Throwing
 22543 | Orc:2    | Reached skill level 10 in Dodging
 22543 | Orc:2    | Reached skill level 10 in Stealth
 22543 | Orc:2    | Reached skill level 10 in Unarmed Combat
 22543 | Orc:2    | Reached skill level 10 in Spellcasting
 22543 | Orc:2    | Reached skill level 10 in Evocations
 22558 | Orc:2    | Found Iphaygg's Jewellery Shoppe.
 22661 | Orc:2    | Noticed Urug
 22674 | Orc:2    | Killed Urug
 22734 | Orc:2    | Reached XP level 15. HP: 108/120 MP: 27/31
 22888 | Orc:2    | Reached skill level 15 in Shields
 23100 | Orc:2    | Found a staircase to the Elven Halls.
 23317 | Orc:2    | Noticed an orc warlord
 23321 | Orc:2    | Paralysed by an orc sorcerer for 3 turns
 23337 | Orc:2    | Killed an orc warlord
 23382 | Orc:2    | Found Imnic's Antique Weapon Emporium.
 23708 | Orc:2    | Found Moonytz's Antique Weapon Shop.
 24038 | Elf:1    | Entered Level 1 of the Elven Halls
 24098 | Elf:1    | Received a gift from Okawaru
 24099 | Elf:1    | Noticed a Brimstone Fiend
 24102 | Elf:1    | HP: 5/121 [???[a deep elf demonologist] (3)]
 24106 | Elf:1    | Received a gift from Okawaru
 24113 | Elf:1    | Found a runed translucent gate.
 24113 | Elf:1    | Shot with an arrow by a deep elf archer

Illustrated notes

Levels and vault maps discovered:
D:1:      dpeg_arrival_three_same_balls, layout_rooms,
          shapermc_ecumenical_altar_acropolis, chequers_big_river,
          nicolae_concentric_dashed_squares_mild, grunt_decor_one_mirror
D:2:      cheibrodos_helix_gallery, layout_loops_ring, basic_altar,
          minmay_tromino_i4
D:3:      layout_basic, nicolae_overflow_quartered_altars
D:4:      layout_layer_cave, mainiacjoe_overflow_alcove_1, zin_angel,
          nemelex_diamond_rough_becter, uniq_crazy_yiuf_cottage, uniq_eustachio
D:5:      layout_gridville, minmay_manual_mess
D:6:      layout_loops_corners, eat_drink_and_be_merry_uskayaw,
          kennysheep_mini_moat, minmay_temple_entry_nine_rooms,
          guppyfry_early_elven_hall, uniq_edmund
D:7:      layout_basic
D:8:      layout_loops_ring, mainiacjoe_overflow_paths, minmay_lair_entry_grove,
          special_room [special_room_orc], chequers_ossuary_entry_cave,
          enter_bailey_2
D:9:      layout_basic, david_orc_4, abandoned_shop
D:10:     layout_loops_ring, marbit_many_paths, uniq_erolcha
D:11:     layout_rooms, serial_shops, kennysheep_little_box
D:12:     layout_stronghold, gauntlet_entry_generic, kennysheep_donut,
          uniq_josephine
D:13:     layout_roguey, portal_ice_cave_demonic_guard, grunt_ministairs_3,
          uniq_azrael
Lair:1:   minmay_lair_oklob_tunnel, layout_loops_ring, grunt_megastairs_1,
          lemuel_fruit_tree, infiniplex_staircase_pool, uniq_nergalle
Lair:2:   dpeg_oklob_gauntlet, layout_cave_pods, infiniplex_staircase_pool_2,
          lemuel_fruit_fields, serial_bayou_shore_b
Lair:3:   layout_hall_layers, minmay_swamp_entry_swarm,
          minmay_snake_entry_guardpost_small, nicolae_lair_grazing_beasts
          [nicolae_sub_lair_graze_edge, nicolae_sub_lair_graze_edge,
          nicolae_sub_lair_graze_edge, nicolae_sub_lair_graze_edge],
          grunt_megastairs_4
Lair:4:   layout_regular_city
Lair:5:   hellmonk_lair_end_abyssal_woods, layout_regular_city,
          nicolae_slime_entry_slimehenge, basic_altar,
          hangedman_lair_unloving_vines
Orc:1:    layout_caves, serial_shops, shop, nicolae_shop_waterfront,
          nicolae_shop_hallway_stairs, nicolae_shop_hallway_stairs, uniq_harold
Orc:2:    pubby_orc_utopia, uniq_urug
Elf:1:    layout_loops_corners, portal_desolation_entry_garden, serial_shops,
          nicolae_shop_waterfront, orc_legates

Skill      XL: |  1  2  3  4  5  6  7  8  9 10 11 12 13 14 15 |
---------------+----------------------------------------------+-----
Invocations    | 1 2 3 4 5 6 7 8 10 11 | 11.4
Short Blades   | 1 2 3 5 6 7 8 9 10 | 10.5
Long Blades    | 1 2 3 5 6 7 8 9 10 | 10.5
Maces & Flails | 1 2 3 5 6 7 8 9 10 | 10.5
Polearms       | 1 2 3 5 6 7 8 9 10 | 10.5
Staves         | 1 2 3 5 6 7 8 9 10 | 10.5
Ranged Weapons | 1 2 3 5 6 7 8 9 10 | 10.5
Throwing       | 1 2 3 5 6 7 8 9 10 | 10.5
Dodging        | 1 2 3 5 6 7 8 9 10 | 10.5
Stealth        | 1 2 3 5 6 7 8 9 10 | 10.5
Unarmed Combat | 1 2 3 5 6 7 8 9 10 | 10.5
Spellcasting   | 1 2 3 5 6 7 8 9 10 | 10.5
Evocations     | 1 2 3 5 6 7 8 9 10 | 10.5
Conjurations   | 1 2 3 4 5 6 7 8 |  8.8
Hexes          | 1 2 3 4 5 6 7 8 |  8.8
Summonings     | 1 2 3 4 5 6 7 8 |  8.8
Necromancy     | 1 2 3 4 5 6 7 8 |  8.8
Translocations | 1 2 3 4 5 6 7 8 |  8.8
Transmutations | 1 2 3 4 5 6 7 8 |  8.8
Fire Magic     | 1 2 3 4 5 6 7 8 |  8.8
Ice Magic      | 1 2 3 4 5 6 7 8 |  8.8
Air Magic      | 1 2 3 4 5 6 7 8 |  8.8
Earth Magic    | 1 2 3 4 5 6 7 8 |  8.8
Poison Magic   | 1 2 3 4 5 6 7 8 |  8.8
Axes           | 5 6 7 8 9 10 11 | 11.4
Fighting       | 7 8 9 10 11 12 | 12.3
Armour         | 7 8 9 10 11 12 13 | 13.1
Shields        | 7 8 9 10 11 12 13 14 15 | 15.4

Action                   |  1- 3 |  4- 6 |  7- 9 | 10-12 | 13-15 || total
-------------------------+-------+-------+-------+-------+-------++-------
Melee: War axe           |    98 |   151 |   186 |   423 |   148 ||  1006
       Bite              |     6 |     9 |    38 |    77 |   108 ||   238
       Flail             |       |       |   177 |   109 |    53 ||   339
       Broad axe         |       |       |       |       |   626 ||   626
Throw: Dart              |       |     2 |       |     5 |     3 ||    10
       Throwing net      |       |     1 |       |     1 |       ||     2
Invok: Heroism           |       |       |     3 |    11 |     7 ||    21
       Finesse           |       |       |       |     6 |     5 ||    11
  Use: Potion            |       |       |     2 |       |    10 ||    12
       Scroll            |       |       |    11 |    10 |     3 ||    24
 Stab: Sleeping          |       |       |     1 |    14 |    10 ||    25
       Distracted        |       |       |       |     4 |     1 ||     5
Armor: Scale mail        |    55 |    82 |   143 |       |       ||   280
       Leather armour    |       |       |    30 |   186 |    61 ||   277
       Plate armour      |       |       |       |       |   246 ||   246
Dodge: Dodged            |    41 |    79 |   198 |   315 |   196 ||   829
Block: Buckler           |    31 |    66 |   145 |   165 |     6 ||   413
       Tower shield      |       |       |       |       |   940 ||   940
